 Dungeon Crawl Stone Soup version 0.18.1-5-g4a78601 (webtiles) character file.

104 FitzyFitz the Stinger (level 4, -6/24 HPs)
             Began as a Gargoyle Venom Mage on May 10, 2016.
             Was a Follower of Kikubaaqudgha.
             Mangled by MrDNA's ghost (7 damage)
             ... on level 3 of the Dungeon.
             The game lasted 00:10:58 (3158 turns).

FitzyFitz the Stinger (Gargoyle Venom Mage)         Turns: 3158, Time: 00:11:00

Health: -6/24      AC:  7    Str: 12    XL:     4   Next: 80%
Magic:  7/7        EV: 17    Int: 16    God:    Kikubaaqudgha [*.....]
Gold:   116        SH:  0    Dex: 15    Spells: 2 memorised, 3 levels left

rFire  . . .     SeeInvis .     a - +0 quarterstaff
rCold  . . .     Gourm    .     q - +0 robe
rNeg   + . .     Faith    .     (shield currently unavailable)
rPois  ∞         Spirit   .     (no helmet)
rElec  +         Dismiss  .     g - +0 cloak
rCorr  .         Reflect  .     x - +0 pair of gloves
SustAt .         Harm     .     (no boots)
MR     .....                    (no amulet)
Stlth  ++++......               (no ring)
                                d - ring of stealth

@: agile, very slightly contaminated, hasted, very quick, not resistant to
hostile enchantments, stealthy
A: negative energy resistance 1, electricity resistance, unbreathing,
petrification resistance, rot immunity, AC +3
a: Receive Corpses, Renounce Religion


You were on level 3 of the Dungeon.
You worshipped Kikubaaqudgha.
Kikubaaqudgha was aware of your devotion.
You were not hungry.

You visited 1 branch of the dungeon, and saw 3 of its levels.

You collected 116 gold pieces.

Inventory:

Hand Weapons
 a - a +0 quarterstaff (weapon)
Missiles
 m - 81 stones (quivered)
 o - 2 tomahawks
Armour
 g - a +0 cloak (worn)
 q - a +0 robe (worn)
 x - a +0 pair of gloves (worn)
Jewellery
 d - a ring of stealth (left hand)
Wands
 s - a wand of digging (12/24)
Scrolls
 i - a scroll of teleportation
 j - a scroll of random uselessness
 u - 2 scrolls of remove curse
Potions
 f - 2 potions of berserk rage {unknown}
 k - 2 potions of curing
 v - a potion of agility
 w - a potion of ambrosia
Books
 b - a Young Poisoner's Handbook

   Spells                             Type                      Level
   a - Sting                          Conjuration/Poison           1
   b - Cure Poison                    Poison                       2
   c - Mephitic Cloud                 Conjuration/Poison/Air       3
   d - Olgreb's Toxic Radiance        Poison                       4
   e - Venom Bolt                     Conjuration/Poison           5
 t - Kikubaaqudgha's Almanac of Sinister Rituals
   (Kikubaaqudgha gifted it to you on level 2 of the Dungeon)

   Spells                             Type                      Level
   a - Animate Skeleton               Necromancy                   1
   b - Pain                           Necromancy                   1
   c - Corpse Rot                     Necromancy                   2
   d - Vampiric Draining              Necromancy                   3
   e - Control Undead                 Necromancy                   4
Comestibles
 c - 3 bread rations
 h - 2 chunks of flesh
 l - a meat ration
 r - 5 fruits


   Skills:
 - Level 1.5 Dodging
 - Level 2.1 Stealth
 - Level 2.0 Spellcasting
 + Level 2.2 Conjurations
 + Level 1.1 Air Magic
 + Level 5.2 Poison Magic


You had 3 spell levels left.
You knew the following spells:

 Your Spells              Type           Power        Failure   Level  Hunger
a - Sting                 Conj/Pois      ##..         6%          1    #......
b - Mephitic Cloud        Conj/Pois/Air  ##......     21%         3    ###....


Dungeon Overview and Level Annotations

Branches:
Dungeon (3/15)

Altars:
Kikubaaqudgha

Annotations:
D:3 MrDNA's ghost, amateur FeCK


Innate Abilities, Weirdness & Mutations

You are resistant to torment.
Your stone body is resilient (AC +3).
You are immune to poison.
You resist negative energy.
You are resistant to electric shocks.
You can survive without breathing.
You are immune to petrification.
You are immune to rotting.


Message History

You closely miss MrDNA's ghost.
MrDNA's ghost is almost destroyed.
MrDNA's ghost hits you.
You hit MrDNA's ghost.
MrDNA's ghost is almost destroyed.
MrDNA's ghost hits you but does no damage.
You hit MrDNA's ghost.
MrDNA's ghost is almost destroyed.
MrDNA's ghost hits you!
You barely miss MrDNA's ghost.
MrDNA's ghost is almost destroyed.
MrDNA's ghost hits you!
* * * LOW HITPOINT WARNING * * *
You closely miss MrDNA's ghost.
MrDNA's ghost is almost destroyed.
You miss MrDNA's ghost.
MrDNA's ghost is almost destroyed.
MrDNA's ghost hits you!
You die...
Kikubaaqudgha rasps: "You have failed me!
Welcome... oblivion!"

<.#...############
.##...##.........#
).....##.#######.#
....>....# #.#
......#..# #.#
.######..# #.# .#
#..# #.# .# #..# #.#
.# #..# #@# .#
#..##### #W# .#
##..#...###.# .#
#...#.#.#...#### ##
#..##.#.#.#....# #
#..##.#.#.#.##.#
######..##.#.#.#.##.#
...........#.#.#.##.#
.......#####.#.#.##.#


You could see MrDNA's ghost.

Vanquished Creatures
  4 adders
  3 dart slugs
  2 giant geckos
  6 bats
  4 giant cockroaches
  6 goblins
  10 hobgoblins
  4 jackals (D:1)
  A quokka (D:2)
  3 ball pythons (D:1)
  6 giant newts
  3 kobolds
  7 rats
59 creatures vanquished.

Notes
Turn   | Place    | Note
--------------------------------------------------------------
     0 | D:1      | FitzyFitz the Gargoyle Venom Mage began the quest for the Orb.
     0 | D:1      | Reached XP level 1. HP: 10/10 MP: 3/3
   699 | D:1      | Reached XP level 2. HP: 15/15 MP: 5/5
  1303 | D:1      | Reached XP level 3. HP: 15/19 MP: 6/6
  1788 | D:1      | Learned a level 3 spell: Mephitic Cloud
  1799 | D:1      | Reached skill level 5 in Poison Magic
  2027 | D:2      | Reached skill level 1 in Conjurations
  2032 | D:2      | Found a faded altar to an unknown god.
  2047 | D:2      | Became a worshipper of Kikubaaqudgha
  2047 | D:2      | Reached * piety under Kikubaaqudgha
  2047 | D:2      | Received a gift from Kikubaaqudgha
  2049 | D:2      | Identified Kikubaaqudgha's Almanac of Sinister Rituals (Kikubaaqudgha gifted it to you on level 2 of the Dungeon)
  2137 | D:2      | Reached XP level 4. HP: 21/24 MP: 4/7
  2903 | D:3      | Noticed MrDNA's ghost (amateur FeCK)
  2969 | D:3      | Noticed a phantom
  2978 | D:3      | Reached skill level 1 in Air Magic
  3156 | D:3      | HP: 1/24 [MrDNA's ghost (8)]
  3158 | D:3      | Mangled by MrDNA's ghost

Skill      XL: |  1  2  3  4 |
---------------+-------------+-----
Poison Magic   | 5 |  5.2
Conjurations   | 1 2 |  2.2
Air Magic      | 1 |  1.1
Dodging        | |  1.5
Stealth        | |  2.1
Spellcasting   | |  2.0

Action                   |  1- 3 |  4- 6 || total
-------------------------+-------+-------++-------
Melee: Unarmed           |    47 |       ||    47
       Club              |    77 |       ||    77
       Quarterstaff      |    32 |    61 ||    93
 Cast: Sting             |    35 |     7 ||    42
  Use: Scroll            |       |     7 ||     7
       Potion            |       |     2 ||     2
 Stab: Sleeping          |     8 |     7 ||    15
  Eat: Chunk             |     5 |     2 ||     7
       Royal jelly       |       |     1 ||     1
Armor: Robe              |    51 |    17 ||    68
Dodge: Dodged            |   123 |    32 ||   155
